 Dungeon Crawl Stone Soup version 0.25.1-8-g42b30a86e7 (webtiles) character file.

Game seed: 11372350615603523802

79 funkygono the Conjurer (level 4, -9/34 HPs)
             Began as a Draconian Conjurer on Dec 15, 2020.
             Mangled by a worm (11 damage)
             ... on level 2 of the Dungeon.
             The game lasted 00:03:46 (2349 turns).

funkygono the Conjurer (Draconian Conjurer)         Turns: 2349, Time: 00:03:47

Health: -9/34      AC:  5    Str: 10    XL:     4   Next: 16%
Magic:  0/8        EV: 12    Int: 17    God:
Gold:   84         SH:  0    Dex: 11    Spells: 5/8 levels left

rFire    . . .     SeeInvis +   d - -2 spear (curse)
rCold    . . .     Gourm    .   (no shield)
rNeg     . . .     Faith    .   (armour unavailable)
rPois    .         Spirit   .   (helmet restricted)
rElec    .         Reflect  .   (no cloak)
rCorr    .         Harm     .   (no gloves)
MR       .....                  (no boots)
Stlth    ++........             (no amulet)
HPRegen  0.11/turn              a - ring of see invisible
MPRegen  0.11/turn              (no ring)

@: very slightly contaminated
A: unfitting armour, cold-blooded, AC +5
a: no special abilities


You were on level 2 of the Dungeon.
You were hungry.

You visited 1 branch of the dungeon, and saw 2 of its levels.

You collected 84 gold pieces.

Inventory:

Hand Weapons
 d - a cursed -2 spear (weapon)
 h - a +0 club
Missiles
 c - 10 stones (quivered)
Jewellery
 a - a ring of see invisible (left hand)
Scrolls
 i - a scroll of identify
 j - 2 scrolls of remove curse {unknown}
Potions
 e - a potion of brilliance
 g - a potion of heal wounds {unknown}
 k - a potion of haste
 l - a potion of flight {unknown}
Comestibles
 b - a ration
 f - 5 chunks of flesh


   Skills:
 + Level 0.6 Fighting
 - Level 0.1 Polearms
 + Level 2.1 Dodging
 - Level 1.7 Stealth
 + Level 2.7 Spellcasting
 + Level 5.0 Conjurations


You had 5 spell levels left.
You knew the following spells:

 Your Spells              Type           Power        Failure   Level  Hunger
a - Magic Dart            Conj           ###.         2%          1    #......
b - Searing Ray           Conj           ###...       3%          2    ##.....

Your spell library contained the following spells:

 Spells                   Type           Power        Failure   Level  Hunger
 Dazzling Flash           Conj/Hex       ##....       19%         3    ###....
 Fulminant Prism          Conj/Hex       ##........   54%         4    #####..
 Iskenderun's Mystic Bla  Conj/Tloc      ##......     54%         4    #####..


Dungeon Overview and Level Annotations

Branches:
Dungeon (2/15)

Altars:


Innate Abilities, Weirdness & Mutations

Your plain brown scales are hard. (AC +5)
You cannot fit into any form of body armour.
You are cold-blooded and may be slowed by cold attacks.


Message History

The worm bites you!
* * * LOW HITPOINT WARNING * * *
You hit the worm but do no damage.
The worm is almost dead.
Casting: Magic Dart (safe; 2% risk of failure)
Confirm with . or Enter, or press ? or * to list all spells.
Aiming: Magic Dart (safe; 2% risk of failure)
Press: ? - help, Shift-Dir - straight line, f/p - worm
Aim: a worm (almost dead)
You miscast Magic Dart.
You are very lightly contaminated with residual magic.
Nothing appears to happen.
The worm barely misses you.
Casting: Magic Dart (safe; 2% risk of failure)
Confirm with . or Enter, or press ? or * to list all spells.
You don't have enough magic to cast that spell.
Unknown command.
You hit the worm.
The worm is almost dead.
The worm bites you!
You die...

..... ..... ..$...
...... ......####
.........####
............#
......w@.)..#######
..................######
....>..†....#####.......
............# ####....
.............. #####...
............... ........
###.........#########...
#..?......# #.......
.........# #.......


You could see a worm.

Vanquished Creatures
  3 adders (D:2)
  3 dart slugs
  2 leopard geckos
  A ball python (D:1)
  2 giant cockroaches
  5 goblins
  7 hobgoblins
  3 jackals (D:1)
  3 kobolds
  5 bats
  3 frilled lizards
  4 rats
41 creatures vanquished.

Notes
Turn   | Place    | Note
-------+----------+-------------------------------------------
     0 | D:1      | funkygono the Draconian Conjurer began the quest for the
                  | Orb.
     0 | D:1      | Reached XP level 1. HP: 14/14 MP: 3/3
   494 | D:1      | Reached XP level 2. HP: 20/20 MP: 1/5
   544 | D:1      | Learned a level 2 spell: Searing Ray
  1587 | D:2      | Reached XP level 3. HP: 26/26 MP: 0/6
  2288 | D:2      | Reached skill level 5 in Conjurations
  2288 | D:2      | Reached XP level 4. HP: 34/34 MP: 2/8
  2346 | D:2      | HP: 1/34 [worm (7)]
  2349 | D:2      | Mangled by a worm

Illustrated notes

Levels and vault maps discovered:
D:1:      mrwooster_arrival_statue, layout_loops_corners, serial_forest,
          infiniplex_forest_clump_curved, infiniplex_forest_clump_medium,
          infiniplex_forest_lined_corner, infiniplex_forest_lined_corner,
          infiniplex_forest_end_2
D:2:      layout_rooms, minmay_diced_spiral

Skill      XL: |  1  2  3 |
---------------+----------+-----
Dodging        | 2 |  2.1
Conjurations   | 5 |  5.0
Fighting       | |  0.6
Polearms       | |  0.1
Stealth        | |  1.7
Spellcasting   | |  2.7

Action                   |  1- 3 |  4- 6 || total
-------------------------+-------+-------++-------
Melee: Unarmed           |    24 |       ||    24
       Spear             |    41 |    20 ||    61
       Tailslap          |     6 |     4 ||    10
 Cast: Magic Dart        |    82 |     9 ||    91
  Use: Scroll            |     1 |       ||     1
       Potion            |     2 |       ||     2
  Eat: Chunk             |     5 |       ||     5
Armor: Skin              |    21 |     2 ||    23
Dodge: Dodged            |    70 |     4 ||    74
